 Dungeon Crawl Stone Soup version 0.32-a0-975-g85d4e5bfdb (webtiles) character file.

Game seed: 8103991108131933195

3855 NateTC the Basher (level 9, 0/75 HPs)
             Began as an Armataur Fighter on Apr 20, 2024.
             Slain by an orc
             ... wielding a +0 flail
              (2 damage)
             ... on level 8 of the Dungeon.
             The game lasted 00:24:45 (5337 turns).

NateTC the Basher (Armataur Fighter)                Turns: 5337, Time: 00:24:46

Health: 0/75       AC: 24    Str: 33    XL:     9   Next: 99%
Magic:  9/9        EV:  5    Int:  8    God:
Gold:   201        SH:  0    Dex: 15    Spells: 8/8 levels left

rFire   + + .        D - +0 morningstar (flame)
rCold   . . .        c - +0 buckler
rNeg    . . .        w - +0 plate armour
rPois   .            q - +1 helmet
rElec   +            l - +1 cloak
rCorr   .            I - +2 pair of gloves {Str+3}
SInv    .            (no barding)
Will    +....        p - amulet "Hedghorph" {Reflect rElec rF+ Str+4 SH+5} Stlth
                     m - ring "Timollott" {rF+ AC+4 Dex+5}
HPRegen 0.97/turn    y - ring of willpower
MPRegen 0.44/turn

%: reflection, roll
@: confused, lethally poisoned (0 -> -16), ambrosia-drunk
A: large, deformed body, tough skin 3, armoured tail, rollpage 2
a: no special abilities


You were on level 8 of the Dungeon.
You visited 2 branches of the dungeon, and saw 9 of its levels.

You collected 373 gold pieces.
You spent 172 gold pieces at shops.

Inventory:

Hand Weapons
 a - a +1 flail
 D - a +0 morningstar of flaming (weapon)
Armour
 c - a +0 buckler (worn)
 g - a +0 chain mail
 l - a +1 cloak (worn)
 q - a +1 helmet (worn)
 w - a +0 plate armour (worn)
 I - a +2 pair of gloves of strength (worn)
Jewellery
 i - an amulet of regeneration
 m - the ring "Timollott" (left hand) {rF+ AC+4 Dex+5}
   (You acquired it on level 2 of the Dungeon)

   [ring of protection]

   AC+4:      It affects your AC (+4).
   Dex+5:     It affects your dexterity (+5).
   rF+:       It protects you from fire.
 p - the amulet "Hedghorph" (around neck) {Reflect rElec rF+ Str+4 SH+5}
   (You found it on level 2 of the Dungeon)

   [amulet of reflection]

   Reflect:   It reflects blocked missile attacks.
   Str+4:     It affects your strength (+4).
   rF+:       It protects you from fire.
   rElec:     It insulates you from electricity.
   SH+5:      It affects your SH (+5).
 y - a ring of willpower (right hand)
 B - a ring of see invisible
 E - a +6 ring of intelligence
Talismans
 h - a blade talisman
 j - a serpent talisman
 v - a beast talisman
Wands
 t - a wand of iceblast (8)
 z - a wand of flame (28)
 C - a wand of acid (13)
Scrolls
 b - a scroll of poison
 o - a scroll of immolation
 r - 2 scrolls of blinking
 u - a scroll of teleportation
 x - a scroll of fear
 G - 3 scrolls of identify
Potions
 d - 2 potions of might
 e - 7 potions of lignification
 f - 3 potions of haste
 n - a potion of berserk rage
 s - a potion of resistance
 A - 2 potions of attraction
 F - a potion of enlightenment


   Skills:
 + Level 6.2 Fighting
 * Level 9.5 Maces & Flails
 + Level 9.4 Armour
 - Level 5.2 Shields


You had 8 spell levels left.
You didn't know any spells.
Your spell library contained the following spells:

 Spells                   Type           Power      Damage    Failure   Level
 Cigotuvi's Dreadful Rot  Necr/Alch/Air  0%         N/A       99%         2
 Dazzling Flash           Conj/Hex       0%         N/A       100%        3
 Inner Flame              Hex/Fire       0%         N/A       100%        3
 Tukima's Dance           Hex            0%         N/A       100%        3
 Animate Dead             Necr           0%         N/A       100%        4
 Dimensional Bullseye     Hex/Tloc       0%         N/A       100%        4
 Dispel Undead            Necr           0%         3d6       100%        4
 Flame Wave               Conj/Fire      0%         2d4       100%        4
 Iskenderun's Mystic Bla Conj/Tloc 0%             2d3        (+2d1     100%        4
 Martyr's Knell           Necr/Summ      0%         N/A       100%        4
 Sticky Flame             Fire/Alch      0%         2d4       100%        4
 Alistair's Intoxication  Alch           0%         N/A       100%        5
 Borgnjor's Vile Clutch   Necr/Erth      0%         N/A       100%        5
 Summon Forest            Summ/Tloc      0%         N/A       100%        5
 Summon Mana Viper        Hex/Summ       0%         N/A       100%        5
 Death Channel            Necr           0%         N/A       100%        6
 Eringya's Noxious Bog    Alch           0%         4d6       100%        6
 Starburst                Conj/Fire      0%         6d3       100%        6
 Summon Cactus Giant      Summ           0%         N/A       100%        6
 Fulsome Fusillade        Conj/Alch      0%         (3-5)d4   100%        8


Dungeon Overview and Level Annotations

Branches:
Dungeon (8/15) Zot: 26981  Temple (1/1) D:6 Zot: 5986
   Lair: D:8-11

Altars:
Ashenzari
Cheibriados
Dithmenos
Elyvilon
Fedhas
Gozag
Hepliaklqana
Kikubaaqudgha
Makhleb
Nemelex Xobeh
Qazlal
Ru
Sif Muna
Trog
Uskayaw
Vehumet
Xom
Yredelemnul
Zin
The Shining One

Shops:
D:1 !   D:2 ?   D:4 *   D:7 !*[?


Innate Abilities, Weirdness & Mutations

Armour fits poorly on your strangely shaped body.
You have extremely tough skin. (AC +3)
You have a long armoured tail.
You regenerate magic and health when rolling toward enemies. (Rampage Regen)


Message History

Something hits you but does no damage. You block the orc's attack.
You block the orc warrior's attack.
You sock the orc! You burn the orc.
You kill the orc!
You feel sick. You block the bullfrog's attack.
Something hits you but does no damage. The orc hits you with a +0 flail.
The orc warrior hits you but does no damage.
You are more poisoned.
The bullfrog hits you but does no damage.
You block the orc's attack.
You feel very sick.
You hear some strange, mumbled words.
A magic dart appears from out of thin air!
The magic dart hits you!
* * * LOW HITPOINT WARNING * * *
The orc hits you but does no damage.
The orc warrior hits you but does no damage.
You are lethally poisoned!
Things that are here:
a +0 dagger; an orc corpse You completely miss the orc.
You tail-slap the orc.
The orc is heavily wounded.
* * * LOW HITPOINT WARNING * * *
You feel extremely sick. You block the bullfrog's attack.
Something hits you but does no damage. You block the orc's attack.
Something hits you but does no damage.
The orc warrior hits you from afar with a +1 glaive of venom!
* * * LOW HITPOINT WARNING * * *
You are more poisoned.
The bullfrog hits you but does no damage.
The orc barely misses you.
You are confused.
You feel invigorated.
* * * LOW HITPOINT WARNING * * *
You feel very sick.
The bullfrog hits you but does no damage.
Something hits you.
* * * LOW HITPOINT WARNING * * *
The orc hits you with a +0 flail.
You die...

....# ### ....###...
#.......# #......#
#....# #....##
##.....##
#####.<.<...########..
............o@Fo.......
.......####.o.{........
...#### #..†.o.......
.. #.......?.... .
#.............
#..####..(.... #..##
###.... #... .... ../#
...


You could see an orc warrior, a bullfrog and 3 orcs.

Vanquished Creatures
  Joseph (D:7)
  Maggie (D:6)
  A hornet (D:7)
  Prince Ribbit (D:6)
  Eustachio (D:6)
  An acid dragon (D:8)
  3 water moccasins (D:6)
  An orc warrior (D:7)
  A black bear (D:5)
  3 sky beasts (D:7)
  5 ogres
  2 phantoms
  3 scorpions
  5 wights (D:7)
  3 bombardier beetles
  A gnoll bouda (D:6)
  2 hounds (D:5)
  2 orc priests
  A jelly (D:5)
  An iguana (D:5)
  A sleepcap (D:5)
  4 orc wizards
  11 gnolls
  8 adders
  2 white imps
  4 ufetubi (D:4)
  5 dart slugs
  13 orcs
  5 bats
  3 endoplasms
  A giant cockroach (D:1)
  9 goblins
  6 hobgoblins
  A quokka (D:5)
  5 ball pythons
  3 frilled lizards
  5 kobolds
  6 rats
131 creatures vanquished.

Vanquished Creatures (others)
  A kobold brigand (D:7)
  A bombardier beetle (D:4)
2 creatures vanquished.

Grand Total: 133 creatures vanquished

Notes
Turn   | Place    | Note
-------+----------+-------------------------------------------
     0 | D:1      | NateTC the Armataur Fighter began the quest for the Orb.
     0 | D:1      | Reached XP level 1. HP: 18/18 MP: 1/1
   107 | D:1      | Reached XP level 2. HP: 24/25 MP: 2/2
   559 | D:1      | Found Acsawarph's Distillery.
   929 | D:2      | You fall into a shaft and drop 2 floors!
   982 | D:4      | Found a shimmering blue altar of Sif Muna.
   986 | D:4      | Found a hazy altar of Hepliaklqana.
   989 | D:4      | Found a basalt altar of Yredelemnul.
  1011 | D:4      | Noticed a bombardier beetle
  1033 | D:4      | Reached XP level 3. HP: 30/30 MP: 3/3
  1250 | D:2      | Found Daaleme's Magic Scroll Emporium.
  1299 | D:2      | Identified the amulet "Hedghorph" {Reflect rElec rF+ Str+4
                  | SH+5}
  1497 | D:2      | Reached XP level 4. HP: 34/37 MP: 4/4
  1745 | D:2      | Identified a scroll of acquirement
  1745 | D:2      | Acquired the ring "Timollott" {rF+ AC+4 Dex+5}
  2011 | D:3      | Reached XP level 5. HP: 42/42 MP: 5/5
  2015 | D:3      | Found a sacrificial altar of Ru.
  2324 | D:4      | Found Guruonu's Assorted Antiques.
  2339 | D:4      | Reached skill level 5 in Armour
  2363 | D:4      | Reached XP level 6. HP: 50/50 MP: 6/6
  2958 | D:4      | Found a hide-covered altar of Uskayaw.
  3182 | D:5      | Entered Level 5 of the Dungeon
  3229 | D:5      | Reached skill level 5 in Shields
  3236 | D:5      | Reached skill level 5 in Maces & Flails
  3236 | D:5      | Gained mutation: You regenerate magic and health when
                  | rolling toward enemies. (Rampage Regen) [Armataur growth]
  3236 | D:5      | Reached XP level 7. HP: 56/56 MP: 7/7
  3811 | D:6      | Reached XP level 8. HP: 10/64 MP: 8/8
  3967 | D:6      | Noticed Prince Ribbit
  3980 | D:6      | Killed Prince Ribbit
  4005 | D:6      | Noticed Maggie
  4020 | D:6      | Killed Maggie
  4021 | D:6      | Reached XP level 9. HP: 61/73 MP: 9/9
  4078 | D:6      | Noticed Eustachio
  4088 | D:6      | Killed Eustachio
  4089 | D:6      | Reached skill level 5 in Fighting
  4112 | D:6      | Identified the orb "Noh Hoir" {mayhem, rN+ Regen+}
  4409 | D:6      | Found a staircase to the Ecumenical Temple.
  4415 | Temple   | Entered the Ecumenical Temple
  4475 | D:6      | Found a white marble altar of Elyvilon.
  4508 | D:7      | Found Ikkeutac's Assorted Antiques.
  4539 | D:7      | Found Peow's Antique Armour Boutique.
  4542 | D:7      | Bought a pair of runed gloves for 172 gold pieces
  4560 | D:7      | Found Wueriag's Distillery.
  4619 | D:7      | Found Wock's Magic Scroll Boutique.
  5103 | D:7      | Noticed Joseph
  5110 | D:7      | Killed Joseph
  5336 | D:8      | HP: 3/75 [orc warrior/+1 glaive of venom (7)]
  5337 | D:8      | Slain by an orc

Illustrated notes

Levels and vault maps discovered:
D:1:      nzn_arrival_depleted_hourglass, layout_loops_cross, serial_shops,
          nicolae_shop_real_fake_doors
D:2:      minmay_recursive_quarters, layout_basic, serial_shops,
          nicolae_shop_pleasant_corner_grove
D:3:      layout_rooms, nicolae_ru_path_of_blood
D:4:      layout_gridville, eat_drink_and_be_merry_uskayaw,
          grunt_temple_overflow_diamond, serial_shops, nicolae_stop_n_shop_2
D:5:      layout_basic
D:6:      layout_basic, nicolae_elyvilon_temple_path,
          minmay_temple_entry_enclosed_plants, minmay_holes, minmay_circle_x,
          uniq_eustachio, uniq_prince_ribbit1, uniq_maggie
D:7:      layout_loops_ring, serial_shops, kennysheep_mini_moat, shop,
          nicolae_shop_stone, nicolae_shop_just_a_little_nook,
          kennysheep_generic_room_7, uniq_joseph
D:8:      layout_layer_cave, okawaru_gym_becter, hellmonk_lair_entry_icy,
          enter_bailey_5
Temple:   jpeg_temple_clearing

Skill      XL: |  1  2  3  4  5  6  7  8  9 |
---------------+----------------------------+-----
Maces & Flails | 2 3 4 5 6 7 9 |  9.5
Armour         | 4 5 6 7 9 |  9.4
Shields        | 4 5 |  5.2
Fighting       | 3 4 6 |  6.2

Action                     |  1- 3 |  4- 6 |  7- 9 || total
---------------------------+-------+-------+-------++-------
  Melee: Flail             |   134 |   118 |   120 ||   372
         Tailslap          |     9 |    15 |    40 ||    64
         Morningstar       |       |       |   121 ||   121
    Use: Scroll            |     2 |    13 |     7 ||    22
         Potion            |       |       |     2 ||     2
 Armour: Scale mail        |   160 |    22 |       ||   182
         Chain mail        |       |    77 |    76 ||   153
         Plate armour      |       |       |   151 ||   151
  Dodge: Dodged            |    77 |    36 |    58 ||   171
  Block: Buckler           |    60 |    73 |   136 ||   269
         Reflection        |       |     1 |     3 ||     4

Table legend: (Time is in decaauts)
 A = Elapsed time spent in this place.
 B = Non-inter-level travel time spent in this place.
 C = Inter-level travel time spent in this place.
 D = Time resting spent in this place.
 E = Time spent auto-exploring this place.
 F = Levels seen in this place.
 G = Mean time per level.
                   A        B        C        D        E       F      G
               +--------+--------+--------+--------+--------+-----+--------+
         Total |   5430 |   5233 |    197 |    184 |   1576 |   9 |  603.3 |
       Dungeon |   5416 |   5219 |    197 |    184 |   1576 |   8 |  677.0 |
        Temple |     13 |     13 |      0 |      0 |      0 |   1 |   13.0 |
               +--------+--------+--------+--------+--------+-----+--------+

Top non-repeatable levels by time:
     D:4: 1092 daAuts
     D:2: 827 daAuts
     D:7: 820 daAuts
     D:1: 801 daAuts
     D:6: 707 daAuts
     D:5: 625 daAuts
     D:3: 522 daAuts
     D:8: 18 daAuts
  Temple: 13 daAuts
